 Dungeon Crawl Stone Soup version 0.28-a0-537-g3bccd9ccbf (webtiles) character file.

Game seed: 17059501987540359462

35 SkeletonJelly the Insei (level 3, 0/17 HPs)
             Began as a Vine Stalker Transmuter on Sept 28, 2021.
             Succumbed to an adder's poison
             ... on level 2 of the Dungeon.
             The game lasted 00:01:55 (1124 turns).

SkeletonJelly the Insei (Vine Stalker Transmuter)   Turns: 1124, Time: 00:01:56

Health: 0/17       AC:  2    Str:  9 (12) XL:     3   Next: 35%
Magic:  4/7        EV: 12    Int: 12 (14) God:
Gold:   32         SH:  0    Dex: 13 (14) Spells: 3/6 levels left

rFire   . . .      SeeInvis .     - Unarmed
rCold   . . .      Faith    .   (no shield)
rNeg    . . .      Spirit   +   a - +0 robe
rPois   .          Reflect  .   (no helmet)
rElec   .          Harm     .   (no cloak)
rCorr   .          Rampage  .   (no gloves)
Will    .....                   (no boots)
Stlth   +.........              (no amulet)
HPRegen 0.05/turn               (no ring)
MPRegen 0.10/turn               (no ring)

@: lethally poisoned (0 -> -2)
A: fangs 2, magic shield, antimagic bite, no potion heal 2
a: no special abilities


You were on level 2 of the Dungeon.
You visited 1 branch of the dungeon, and saw 2 of its levels.

You collected 32 gold pieces.

Inventory:

Armour
 a - a +0 robe (worn)
Scrolls
 c - a scroll of fog {unknown}
 d - 2 scrolls of vulnerability {unknown}
 e - a scroll of immolation {unknown}


   Skills:
 - Level 0.8 Fighting
 - Level 1.5 Dodging
 + Level 3.4 Unarmed Combat
 - Level 2.1 Spellcasting
 * Level 3.2 Transmutations


You had 3 spell levels left.
You knew the following spells:

 Your Spells              Type           Power      Damage    Failure   Level
a - Beastly Appendage     Tmut           18%        N/A       7%          1
s - Wereblood             Tmut           9%         N/A       11%         2

Your spell library contained the following spells:

 Spells                   Type           Power      Damage    Failure   Level
 Blink                    Tloc           N/A        N/A       38%         2
 Spider Form              Tmut/Pois      2%         N/A       38%         3
 Lesser Beckoning         Tloc           1%         N/A       63%         3
 Ice Form                 Ice/Tmut       5%         N/A       80%         4
 Manifold Assault         Tloc           1%         N/A       100%        5


Dungeon Overview and Level Annotations

Branches:
Dungeon (2/15)

Altars:


Innate Abilities, Weirdness & Mutations

You have extremely sharp teeth.
When hurt, damage is shared between your health and your magic reserves.
Your bite disrupts and absorbs the magic of your enemies.
Potions cannot restore your health.


Message History

Key pressed, stopping explore.
Key pressed, stopping explore.
You see here a ball python corpse.
Key pressed, stopping explore.
Key pressed, stopping explore.
Key pressed, stopping explore.
Key pressed, stopping explore.
Done exploring.
Health restored: 17; MP restored: 7 Done exploring.
Done exploring.
Done exploring.
Search for what [? for help]? .
There is a stone staircase leading down here.
You climb downwards.
There is a stone staircase leading up here.
Found a stone staircase leading up.
There is a stone staircase leading up here.
Found 18 bolts.
A bat and a giant cockroach come into view.
Found a robe.
Casting: Beastly Appendage (safe; 7% risk of failure)
Confirm with . or Enter, or press ? or * to list all spells.
Your blood is infused with primal strength.
You now have 5/7 mp.
Casting: Wereblood (safe; 10% risk of failure)
Confirm with . or Enter, or press ? or * to list all spells.
You grow a pair of large bovine horns.
Your feet morph into talons.
You now have 4/7 mp.
You hit the giant cockroach. Your kick misses the giant cockroach.
You headbutt the giant cockroach.
You kill the giant cockroach!
The bat hits you but does no damage.
You hit the bat but do no damage. You claw the bat.
You kill the bat!
No target in view!
No target in view!
No target in view!
No target in view!
No target in view!
Your transformation is almost over.
You howl as the wereblood boils in your veins!
You hear an angry hiss.
An adder comes into view.
An adder is nearby!
An adder is nearby!
An adder is nearby!
An adder is nearby!
A worm comes into view.
The worm moves out of view.
You see here a giant cockroach corpse.
Found a hunting sling.
Your horns disappear.
Your talons disappear.
The adder closely misses you. The adder bites you.
You are poisoned.
The adder poisons you!
You take 2 damage, and have 15/17 hp.
You now have 4/7 mp.
You punch the adder!
The adder is severely wounded.
You feel sick. The worm barely misses you. The adder misses you.
You take 1 damage, and have 14/17 hp.
You miss the adder. You punch the adder.
The adder is almost dead.
Your primal bloodlust is almost over.
You feel sick. The adder bites you. The worm bites you.
You take 6 damage, and have 8/17 hp.
MASSIVE DAMAGE!!
You now have 3/7 mp.
You are too injured to fight recklessly!
You are too injured to fight recklessly!
You are too injured to fight recklessly!
You are too injured to fight recklessly!
You are too injured to fight recklessly!
You are too injured to fight recklessly!
You are too injured to fight recklessly!
You are too injured to fight recklessly!
You feel sick. The adder bites you.
* * * LOW HITPOINT WARNING * * *
You are lethally poisoned!
The adder poisons you!
You see here a giant cockroach corpse.
You take 3 damage, and have 5/17 hp.
You howl as the wereblood boils in your veins!
* * * LOW HITPOINT WARNING * * *
You feel sick.
You take 2 damage, and have 3/17 hp.
It was a potion of degeneration.
There was something very wrong with that liquid.
You feel weakened.
You feel dopey.
You feel clumsy.
* * * LOW HITPOINT WARNING * * *
You feel sick. The adder barely misses you.
You take 1 damage, and have 2/17 hp.
You hit the adder.
You feel a bit better.
You kill the adder!
* * * LOW HITPOINT WARNING * * *
You feel sick.
You howl as the wereblood boils in your veins!
* * * LOW HITPOINT WARNING * * *
You feel sick.
You take 1 damage, and have 1/17 hp.
Your primal bloodlust has ended.
You die...

##.#..# .###
..#..## .#[#
#.#...# ...
##.#..###.#.##
###.....#......#
#.......#w#)#.##
#.#.......###
#..###..###.###.
#.####.##
#..@.......
#.....##
###?....#..
######.## ..###.#
#########..# ...#
#
#.........#.#.....
..#...######.#....
#.#<.............
#...#############
####.##


There were no monsters in sight!

Vanquished Creatures
  An adder (D:2)
  A dart slug (D:1)
  4 ball pythons (D:1)
  2 endoplasms (D:1)
  A giant cockroach (D:2)
  A goblin (D:1)
  4 hobgoblins (D:1)
  3 jackals (D:1)
  2 kobolds (D:1)
  A bat (D:2)
  A rat (D:1)
21 creatures vanquished.

Notes
Turn   | Place    | Note
-------+----------+-------------------------------------------
     0 | D:1      | SkeletonJelly the Vine Stalker Transmuter began the quest
                  | for the Orb.
     0 | D:1      | Reached XP level 1. HP: 9/9 MP: 4/4
   445 | D:1      | Reached XP level 2. HP: 12/14 MP: 3/6
   522 | D:1      | Learned a level 2 spell: Wereblood
   824 | D:1      | Reached XP level 3. HP: 13/17 MP: 1/7
  1124 | D:2      | Succumbed to an adder's poison

Illustrated notes

Levels and vault maps discovered:
D:1:      minmay_arrival_arboretum_small, layout_loops_ring, kennysheep_doodads
D:2:      layout_loops_ring, minmay_indecisive_spiral

Skill      XL: |  1  2 |
---------------+-------+-----
Transmutations | 3 |  3.2
Fighting       | |  0.8
Dodging        | |  1.5
Unarmed Combat | |  3.4
Spellcasting   | |  2.1

Action                   || total
-------------------------++-------
Melee: Unarmed           ||    54
       Bite              ||    12
       Kick              ||     7
       Headbutt          ||     5
       Punch             ||     1
 Cast: Beastly Appendage ||    16
       Wereblood         ||     7
  Use: Potion            ||     1
 Stab: Sleeping          ||     2
Armor: Robe              ||    11
Dodge: Dodged            ||    30

Table legend: (Time is in decaauts)
 A = Elapsed time spent in this place.
 B = Non-inter-level travel time spent in this place.
 C = Inter-level travel time spent in this place.
 D = Time resting spent in this place.
 E = Time spent auto-exploring this place.
 F = Levels seen in this place.
 G = Mean time per level.
                   A        B        C        D        E       F      G
               +--------+--------+--------+--------+--------+-----+--------+
         Total |   1120 |   1085 |     35 |      0 |    933 |   2 |  560.0 |
       Dungeon |   1120 |   1085 |     35 |      0 |    933 |   2 |  560.0 |
               +--------+--------+--------+--------+--------+-----+--------+

Top non-repeatable levels by time:
     D:1: 1073 daAuts
     D:2: 47 daAuts
